 Dungeon Crawl Stone Soup version 0.30-a0-241-g1121274140 (webtiles) character file.

Game seed: 762548647018522631

75 bande the Covered (level 4, -1/29 HPs)
             Began as a Gargoyle Fighter on Oct 11, 2022.
             Slain by Terence
             ... wielding a +0 trident
              (6 damage)
             ... on level 3 of the Dungeon.
             The game lasted 00:02:16 (2202 turns).

bande the Covered (Gargoyle Fighter)                Turns: 2202, Time: 00:02:17

Health: -1/29      AC: 10    Str: 19    XL:     4   Next: 31%
Magic:  4/4        EV:  9    Int:  9    God:
Gold:   126        SH:  4    Dex: 11    Spells: 3/3 levels left

rFire   . . .      SeeInvis .    a - +0 war axe
rCold   . . .      Faith    .    c - +0 buckler
rNeg    + . .      Spirit   .    b - +0 scale mail
rPois   ∞          Reflect  .    (no helmet)
rElec   +          Harm     .    (no cloak)
rCorr   .          Rampage  .    (no gloves)
Will    .....                    (no boots)
Stlth   ..........               (no amulet)
HPRegen 0.24/turn                (no ring)
MPRegen 0.09/turn                (no ring)

@: no status effects
A: sickness immunity, AC +3, negative energy resistance 1, electricity
resistance, torment resistance 1, petrification resistance
a: no special abilities


You were on level 3 of the Dungeon.
You visited 1 branch of the dungeon, and saw 3 of its levels.

You collected 126 gold pieces.

Inventory:

Hand Weapons
 a - a +0 war axe (weapon)
Armour
 b - a +0 scale mail (worn)
 c - a +0 buckler (worn)
Scrolls
 f - a scroll of amnesia {unknown}
 g - 4 scrolls of silence {unknown}
 h - 2 scrolls of butterflies {unknown}
 m - a scroll of blinking {unknown}
 n - 2 scrolls of immolation
 o - 2 scrolls of poison {unknown}
 p - a scroll of teleportation {unknown}
 r - a scroll of identify {unknown}
Potions
 d - a potion of might
 e - a potion of berserk rage {unknown}
 i - a potion of attraction {unknown}
 j - a potion of mutation {unknown}
 k - a potion of curing {unknown}
 l - 2 potions of heal wounds {unknown}
 q - a potion of invisibility {unknown}


   Skills:
 + Level 3.9 Fighting
 + Level 2.8 Axes
 + Level 4.0 Armour
 + Level 3.6 Shields


You had 3 spell levels left.
You didn't know any spells.
Your spell library contained the following spells:

 Spells                   Type           Power      Damage    Failure   Level
 Tukima's Dance           Hex            0%         N/A       99%         3
 Passage of Golubria      Tloc           0%         N/A       100%        4
 Yara's Violent Unravell  Hex/Tmut       0%         3d3       100%        5


Dungeon Overview and Level Annotations

Branches:
Dungeon (3/15)

Altars:

Annotations:
D:3 Terence


Innate Abilities, Weirdness & Mutations

You are immune to sickness and miasma.
Your stone body is resilient. (AC +3)
You are immune to poison.
You resist negative energy. (rN+)
You are resistant to electric shocks. (rElec)
You are resistant to unholy torment.
You are immune to petrification.


Message History

Terence hits you with a +0 trident!
You barely miss Terence. Terence hits you but does no damage.
You closely miss Terence. You barely miss the giant cockroach.
You block the giant cockroach's attack. Terence hits you with a +0 trident.
The giant cockroach bites you but does no damage.
Terence hits you with a +0 trident.
You closely miss Terence.
You hit the giant cockroach but do no damage.
The giant cockroach bites you but does no damage.
Terence barely misses you.
The giant cockroach bites you but does no damage.
You hit Terence but do no damage. You slash the giant cockroach!
You kill the giant cockroach!
Terence hits you with a +0 trident!
You are too injured to fight recklessly!
You are too injured to fight recklessly!
You are too injured to fight recklessly!
You are too injured to fight recklessly!
You are too injured to fight recklessly!
You are too injured to fight recklessly!
You closely miss Terence. Terence closely misses you.
Terence hits you with a +0 trident.
* * * LOW HITPOINT WARNING * * *
You barely miss Terence. Terence barely misses you.
You hit Terence.
Terence is moderately wounded.
Terence hits you but does no damage.
You slash Terence!
Terence is severely wounded.
Terence barely misses you. You block Terence's attack.
You hit Terence.
Terence is severely wounded.
Terence closely misses you.
You barely miss Terence.
Terence is severely wounded.
Terence barely misses you. Terence hits you but does no damage.
You hit Terence but do no damage.
Terence is severely wounded.
Terence hits you with a +0 trident.
You die...

#.########.# #.
#......##.(# ##.
##......##.## #
##..#####..........#
#.#................###
#......#.+#.....†.##
#..........#...†#
#.............#
#..#@@...#.#....#
#...........#.#
#..##.._...##...#
#...........#.###
#.....#....#..#
...#........#.#
#.###..#.#....# #.
#.#.#..#..# .....
.....#


You could see Terence.

Vanquished Creatures
  3 adders
  A worm (D:2)
  3 ball pythons
  4 endoplasms
  2 giant cockroaches
  3 goblins
  5 hobgoblins
  7 jackals
  4 quokkas
  4 bats
  A frilled lizard (D:3)
  A kobold (D:1)
  2 rats (D:1)
40 creatures vanquished.

Notes
Turn   | Place    | Note
-------+----------+-------------------------------------------
     0 | D:1      | bande the Gargoyle Fighter began the quest for the Orb.
     0 | D:1      | Reached XP level 1. HP: 14/14 MP: 1/1
   181 | D:1      | Reached XP level 2. HP: 9/19 MP: 2/2
  1073 | D:2      | Reached XP level 3. HP: 21/24 MP: 3/3
  1821 | D:2      | Identified the +1 leather armour of the Monkey {Regen+
                  | Str+3}
  2050 | D:3      | Reached XP level 4. HP: 29/29 MP: 4/4
  2172 | D:3      | Reached skill level 4 in Armour
  2176 | D:3      | Found a faded altar of an unknown god.
  2188 | D:3      | Noticed Terence
  2202 | D:3      | Slain by Terence

Illustrated notes

Levels and vault maps discovered:
D:1:      dpeg_arrival_rooms_c, layout_basic, minmay_distorted
D:2:      layout_basic, chequers_serial_rivers_micro_d
D:3:      layout_rooms, gammafunk_ghost_grave, serial_shops, shop,
          hellmonk_ecumenical_altar_blasted, uniq_terence, uniq_sigmund

Skill      XL: |  1  2  3  4 |
---------------+-------------+-----
Axes           | 2 |  2.8
Armour         | 4 |  4.0
Fighting       | |  3.9
Shields        | |  3.6

Action                   |  1- 3 |  4- 6 || total
-------------------------+-------+-------++-------
Melee: War axe           |   106 |    28 ||   134
Armor: Scale mail        |    55 |    17 ||    72
Dodge: Dodged            |    48 |    12 ||    60
Block: Buckler           |    19 |     9 ||    28

Table legend: (Time is in decaauts)
 A = Elapsed time spent in this place.
 B = Non-inter-level travel time spent in this place.
 C = Inter-level travel time spent in this place.
 D = Time resting spent in this place.
 E = Time spent auto-exploring this place.
 F = Levels seen in this place.
 G = Mean time per level.
                   A        B        C        D        E       F      G
               +--------+--------+--------+--------+--------+-----+--------+
         Total |   2259 |   2183 |     76 |    272 |   1570 |   3 |  753.0 |
       Dungeon |   2259 |   2183 |     76 |    272 |   1570 |   3 |  753.0 |
               +--------+--------+--------+--------+--------+-----+--------+

Top non-repeatable levels by time:
     D:1: 1080 daAuts
     D:2: 1011 daAuts
     D:3: 166 daAuts
